Description

WinterStarcraft's Beginner Protoss Build Order

VOD

https://www.youtube.com/watch?v=nPBEMChpVsY

Build Order

Get SALT Encoding   

  14  0:24  Pylon  
  16  0:45  Gateway  
  17  0:56  Assimilator  
  19  1:20  Action (Chrono Boost)  Send 1 Probe to scout, 3 to Gas
  21  1:40  Cybernetics Core  
  21  1:45  Pylon  
  22  1:46  Nexus  
  23  2:00  Assimilator  
  25  2:20  Action (Chrono Boost)  Warpgate Research
  25  2:25  Adept  
  27  2:32  Robotics Facility  
  27  2:45  Pylon  
  29  2:54  Stalker  
  33  3:13  Gateway  
  33  3:14  Gateway  
  35  3:22  Observer (Chrono Boost)  
  38  3:25  Sentry  
  39  3:30  Observer  
  44  3:45  Pylon  
  44  4:00  Pylon  
  50  4:10  Immortal  
  50  4:11  Stalker  
  50  4:12  Stalker  
  57  4:45  Assimilator  
  57  4:47  Assimilator  should have 40 probes
  58  4:49  Nexus  
  60  4:55  Robotics Bay  
  60  4:58  Forge  
Spawning Tool Build Advisor. Get it on Overwolf

Analysis

Follow the supply, the timing is just a more casual guide.

Try to be as fast as possible to max out units. Expand 3rd base after 48 workers. Get Twilight, Templer Archives.

Late game shift to Air Units, Tempest/Carriers/Oracle

Go to:

Details

  • Created by: 0nered
  • Published on: Jun 19, 2020
  • Modified on: Jun 21, 2020
  • Patch: 4.11.0
  • Difficulty: Easy
Show
View Real Time Build Order
Export as new Build Order

Comments (0)

There are no comments. Be the first!

Create an account to comment!